3A
MYRTLE BEACH SEAHAWKS @ DELAWARE 1787 BC
06/14/2024
 
TOP OF THE 1ST
Myrtle Beach Seahawks batting - Pitching for Delaware 1787 BC : RHP Jesús Guerra
Pitching: RHP Jesús Guerra
Batting: RHB Thom Beach 0-0: Ball
1-0: Bunted foul
1-1: Swinging Strike
1-2: Ball
2-2: Ball
3-2: Fly out, F9 (Flyball, 9M)
Batting: RHB José Morín 0-0: Ground out 5-3 (Groundball, 5L)
Batting: RHB Turner Buccigross 0-0: Ball
1-0: Called Strike
1-1: Fly out, F9 (Flyball, 9M)
Top of the 1st over - 0 run(s), 0 hit(s), 0 error(s), 0 left on base; Myrtle Beach 0 - Delaware 0
BOTTOM OF THE 1ST
Delaware 1787 BC batting - Pitching for Myrtle Beach Seahawks : RHP Sam Mooney
Pitching: RHP Sam Mooney
Batting: RHB José López 0-0: Ground out 6-3 (Groundball, 6M)
Batting: RHB Jorge Figueroa 0-0: Called Strike
0-1: Ball
1-1: Ball
2-1: Foul Ball, location: 2F
2-2: Ball
3-2: SINGLE (Groundball, 56D) (infield hit)
Batting: RHB Gilberto Rodríguez 0-0: Called Strike
Jorge Figueroa steals 2nd base
0-1: Ball
1-1: Ball
2-1: Called Strike
2-2: Ball
3-2: Base on Balls
Batting: RHB Julián García 0-0: Ball
1-0: Called Strike
1-1: Called Strike
1-2: Strikes out swinging
Batting: SHB Luchino Salimbeni 0-0: Called Strike
0-1: Foul Ball, location: 2F
0-2: SINGLE (Line Drive, 8RS)
Jorge Figueroa to third
Gilberto Rodríguez to second
Runner from 3rd tries for Home, SAFE, no throw or cutoff
Batting: RHB Cristián Alfonso 0-0: Ball
1-0: Ball
2-0: Foul Ball, location: 2F
2-1: Reached on error, E6 (Groundball, 6)
Gilberto Rodríguez to third
Luchino Salimbeni to second
Batting: LHB Russ Hanneman 0-0: Ball
1-0: Ball
2-0: Called Strike
2-1: Ball
3-1: Foul Ball, location: 2F
3-2: Foul Ball, location: 2F
3-2: Foul Ball, location: 2F
3-2: Base on Balls
Gilberto Rodríguez scores
Luchino Salimbeni to third
Cristián Alfonso to second
Batting: LHB Ward Wilberfoss 0-0: Called Strike
0-1: Ball
1-1: Swinging Strike
1-2: Foul Ball, location: 2F
1-2: Ball
2-2: Strikes out swinging
Bottom of the 1st over - 2 run(s), 2 hit(s), 1 error(s), 3 left on base; Myrtle Beach 0 - Delaware 2
TOP OF THE 2ND
Myrtle Beach Seahawks batting - Pitching for Delaware 1787 BC : RHP Jesús Guerra
Batting: RHB Juan Báez 0-0: Called Strike
0-1: Ball
1-1: Swinging Strike
1-2: Strikes out swinging
Batting: RHB León Sánchez 0-0: Ball
1-0: Foul Ball, location: 2F
1-1: Ball
2-1: Foul Ball, location: 2F
2-2: SINGLE (Groundball, 6MD) (infield hit)
Batting: SHB Bill Peterson 0-0: Called Strike
0-1: Ball
1-1: Swinging Strike
1-2: Ball
2-2: Ball
3-2: Foul Ball, location: 2F
3-2: Strikes out looking
Batting: LHB Tae-sang Han 0-0: SINGLE (Line Drive, 78S)
León Sánchez to second
Batting: LHB Jim Unknown 0-0: Called Strike
0-1: Swinging Strike
0-2: Strikes out swinging
Top of the 2nd over - 0 run(s), 2 hit(s), 0 error(s), 2 left on base; Myrtle Beach 0 - Delaware 2
BOTTOM OF THE 2ND
Delaware 1787 BC batting - Pitching for Myrtle Beach Seahawks : RHP Sam Mooney
Batting: RHB Thurman Blumer 0-0: Called Strike
0-1: Reached on error, E5 (Groundball, 56)
Batting: RHB José López 0-0: Ball
1-0: Ball
2-0: Ball
3-0: Called Strike
3-1: Called Strike
3-2: Foul Ball, location: 2F
3-2: Foul Ball, location: 2F
3-2: Fly out, F7 (Flyball, 7M)
Batting: RHB Jorge Figueroa 0-0: SINGLE (Groundball, 34D)
Thurman Blumer to third
Batting: RHB Gilberto Rodríguez 0-0: Ball
1-0: Swinging Strike
1-1: Foul Ball, location: 2F
1-2: Strikes out swinging
Batting: RHB Julián García 0-0: Ball
1-0: Called Strike
1-1: Called Strike
1-2: Strikes out swinging
Bottom of the 2nd over - 0 run(s), 1 hit(s), 1 error(s), 2 left on base; Myrtle Beach 0 - Delaware 2
TOP OF THE 3RD
Myrtle Beach Seahawks batting - Pitching for Delaware 1787 BC : RHP Jesús Guerra
Batting: LHB Ismael Martínez 0-0: Called Strike
0-1: Ball
1-1: Swinging Strike
1-2: Strikes out swinging
Batting: RHB Thom Beach 0-0: Called Strike
0-1: Ball
1-1: Fly out, F9 (Flyball, 9LS)
Batting: RHB José Morín 0-0: Ball
1-0: Swinging Strike
1-1: Foul Ball, location: 2F
1-2: Strikes out looking
Top of the 3rd over - 0 run(s), 0 hit(s), 0 error(s), 0 left on base; Myrtle Beach 0 - Delaware 2
BOTTOM OF THE 3RD
Delaware 1787 BC batting - Pitching for Myrtle Beach Seahawks : RHP Sam Mooney
Batting: SHB Luchino Salimbeni 0-0: Ball
1-0: Fly out, F9 (Flyball, 89M)
Batting: RHB Cristián Alfonso 0-0: Ball
1-0: Ball
2-0: Called Strike
2-1: Fly out, F8 (Flyball, 8RS)
Batting: LHB Russ Hanneman 0-0: Called Strike
0-1: Ball
1-1: Swinging Strike
1-2: Foul Ball, location: 2F
1-2: Strikes out swinging
Bottom of the 3rd over - 0 run(s), 0 hit(s), 0 error(s), 0 left on base; Myrtle Beach 0 - Delaware 2
TOP OF THE 4TH
Myrtle Beach Seahawks batting - Pitching for Delaware 1787 BC : RHP Jesús Guerra
Batting: RHB Turner Buccigross 0-0: Ball
1-0: Swinging Strike
1-1: Ball
2-1: Ball
3-1: Base on Balls
Batting: RHB Juan Báez 0-0: Ball
1-0: Foul Ball, location: 2F
1-1: Ball
2-1: Called Strike
2-2: Strikes out swinging
Batting: RHB León Sánchez 0-0: Called Strike
0-1: Ball
1-1: Foul Ball, location: 2F
1-2: Fly out, F3 (Popup, 3F)
Batting: SHB Bill Peterson 0-0: SINGLE (Groundball, 4M)
Turner Buccigross to second
Runner from 2nd tries for 3rd, SAFE, no throw or cutoff
Batting: LHB Tae-sang Han 0-0: Ball
1-0: Fly out, F6 (Popup, 7LSF)
Top of the 4th over - 0 run(s), 1 hit(s), 0 error(s), 2 left on base; Myrtle Beach 0 - Delaware 2
BOTTOM OF THE 4TH
Delaware 1787 BC batting - Pitching for Myrtle Beach Seahawks : RHP Sam Mooney
Batting: LHB Ward Wilberfoss 0-0: Called Strike
0-1: Called Strike
0-2: Ball
1-2: Strikes out looking
Batting: RHB Thurman Blumer 0-0: Ground out 6-3 (Groundball, 6)
Batting: RHB José López 0-0: Ball
1-0: Ball
2-0: Called Strike
2-1: Fly out, F8 (Flyball, 8RM)
Bottom of the 4th over - 0 run(s), 0 hit(s), 0 error(s), 0 left on base; Myrtle Beach 0 - Delaware 2
TOP OF THE 5TH
Myrtle Beach Seahawks batting - Pitching for Delaware 1787 BC : RHP Jesús Guerra
Batting: LHB Jim Unknown 0-0: Ball
1-0: Ground out 4-3 (Groundball, 4)
Batting: LHB Ismael Martínez 0-0: Called Strike
0-1: Called Strike
0-2: Foul Ball, location: 2F
0-2: Strikes out swinging
Batting: RHB Thom Beach 0-0: Ground out 1-3 (Groundball, 13)
Top of the 5th over - 0 run(s), 0 hit(s), 0 error(s), 0 left on base; Myrtle Beach 0 - Delaware 2
BOTTOM OF THE 5TH
Delaware 1787 BC batting - Pitching for Myrtle Beach Seahawks : RHP Sam Mooney
Batting: RHB Jorge Figueroa 0-0: Called Strike
0-1: Fly out, F5 (Line Drive, 56)
Batting: RHB Gilberto Rodríguez 0-0: Foul Ball, location: 2F
0-1: Called Strike
0-2: Ball
1-2: Ball
2-2: Ball
3-2: Foul Ball, location: 2F
3-2: Strikes out looking
Batting: RHB Julián García 0-0: Ball
1-0: Called Strike
1-1: Called Strike
1-2: Strikes out swinging
Bottom of the 5th over - 0 run(s), 0 hit(s), 0 error(s), 0 left on base; Myrtle Beach 0 - Delaware 2
TOP OF THE 6TH
Myrtle Beach Seahawks batting - Pitching for Delaware 1787 BC : RHP Jesús Guerra
Batting: RHB José Morín 0-0: Called Strike
0-1: Called Strike
0-2: Foul Ball, location: 2F
0-2: Ball
1-2: Ball
2-2: Ball
3-2: Foul Ball, location: 2F
3-2: Foul Ball, location: 2F
3-2: Ground out 4-3 (Groundball, 4)
Batting: RHB Turner Buccigross 0-0: Ball
1-0: Swinging Strike
1-1: Swinging Strike
1-2: Foul Ball, location: 2F
1-2: Ball
2-2: Foul Ball, location: 2F
2-2: Strikes out looking
Batting: RHB Juan Báez 0-0: Ball
1-0: Ball
2-0: Swinging Strike
2-1: Swinging Strike
2-2: Ball
3-2: Strikes out looking
Top of the 6th over - 0 run(s), 0 hit(s), 0 error(s), 0 left on base; Myrtle Beach 0 - Delaware 2
BOTTOM OF THE 6TH
Delaware 1787 BC batting - Pitching for Myrtle Beach Seahawks : RHP Sam Mooney
Pitching: RHP Germán Romo
Batting: SHB Luchino Salimbeni 0-0: Called Strike
0-1: Ball
1-1: Reached on Error, E7 (Line Drive, 7S)
Batting: RHB Cristián Alfonso 0-0: Sac Bunt - play at first, batter OUT! 1-3
Luchino Salimbeni to second
Batting: LHB Russ Hanneman 0-0: Ball
1-0: Called Strike
1-1: Ball
2-1: Foul Ball, location: 2F
2-2: Foul Ball, location: 2F
2-2: Strikes out looking
Batting: LHB Ward Wilberfoss 0-0: Ground out 6-3 (Groundball, 6M)
Bottom of the 6th over - 0 run(s), 0 hit(s), 1 error(s), 1 left on base; Myrtle Beach 0 - Delaware 2
TOP OF THE 7TH
Myrtle Beach Seahawks batting - Pitching for Delaware 1787 BC : RHP Jesús Guerra
Batting: RHB León Sánchez 0-0: Called Strike
0-1: Foul Ball, location: 2F
0-2: SOLO HOME RUN (Line Drive, 78XD), Distance : 377 ft
Batting: SHB Bill Peterson 0-0: Ball
1-0: Ball
2-0: Ball
3-0: Called Strike
3-1: Base on Balls
Pitching: LHP Jian-gang Ow-Yang
Pinch Hitting: RHB César Villarreal 0-0: Grounds into double play, 5-4-3 (Groundball, 5L)
Batting: LHB Jim Unknown 0-0: Called Strike
0-1: Ball
1-1: Ball
2-1: Ground out 5-3 (Groundball, 56S)
Top of the 7th over - 1 run(s), 1 hit(s), 0 error(s), 0 left on base; Myrtle Beach 1 - Delaware 2
BOTTOM OF THE 7TH
Delaware 1787 BC batting - Pitching for Myrtle Beach Seahawks : RHP Germán Romo
Now in LF: César Villarreal
Batting: RHB Thurman Blumer 0-0: Ball
1-0: Foul Ball, location: 2F
1-1: Foul Ball, location: 2F
1-2: SINGLE (Groundball, 56D)
Batting: RHB José López 0-0: Ball
1-0: Sac Bunt - play at first, batter OUT! 1-4
Thurman Blumer to second
Pinch Hitting: RHB Nelson Torez 0-0: Intentional Walk
Batting: RHB Gilberto Rodríguez 0-0: Ball
1-0: DOUBLE (Groundball, 3L)
Thurman Blumer scores
Nelson Torez to third
Runner from 3rd tries for Home, SAFE, throw made home
Batting: RHB Julián García 0-0: Swinging Strike
0-1: Foul Ball, location: 2F
0-2: Ball
1-2: Strikes out swinging
Batting: SHB Luchino Salimbeni 0-0: Ball
1-0: Foul Ball, location: 2F
1-1: Called Strike
1-2: Ground out 3-1 (Groundball, 3)
Bottom of the 7th over - 2 run(s), 2 hit(s), 0 error(s), 1 left on base; Myrtle Beach 1 - Delaware 4
TOP OF THE 8TH
Myrtle Beach Seahawks batting - Pitching for Delaware 1787 BC : LHP Jian-gang Ow-Yang
Now at 2B: Raul Cate
Batting: LHB Ismael Martínez 0-0: Ground out 6-3 (Groundball, 6MS)
Batting: RHB Thom Beach 0-0: Fly out, F3 (Popup, 3DF)
Batting: RHB José Morín 0-0: Ball
1-0: Ball
2-0: Foul Ball, location: 2F
2-1: Foul Ball, location: 2F
2-2: Ground out 5-3 (Groundball, 56S)
Top of the 8th over - 0 run(s), 0 hit(s), 0 error(s), 0 left on base; Myrtle Beach 1 - Delaware 4
BOTTOM OF THE 8TH
Delaware 1787 BC batting - Pitching for Myrtle Beach Seahawks : RHP Germán Romo
Batting: RHB Cristián Alfonso 0-0: Called Strike
0-1: DOUBLE (Line Drive, 78M)
Batting: LHB Russ Hanneman 0-0: Ball
1-0: Ground out 4-3 (Groundball, 34)
Cristián Alfonso to third
Batting: LHB Ward Wilberfoss 0-0: Intentional Walk
Batting: RHB Thurman Blumer 0-0: Called Strike
0-1: Ball
1-1: Swinging Strike
1-2: Strikes out swinging
Batting: RHB José López 0-0: Ball
1-0: Ball
2-0: Ball
3-0: Called Strike
3-1: Fly out, F8 (Flyball, 8LS)
Bottom of the 8th over - 0 run(s), 1 hit(s), 0 error(s), 2 left on base; Myrtle Beach 1 - Delaware 4
TOP OF THE 9TH
Myrtle Beach Seahawks batting - Pitching for Delaware 1787 BC : LHP Jian-gang Ow-Yang
Pitching: LHP Brian Brewer
Batting: RHB Turner Buccigross 0-0: Ball
1-0: Ball
2-0: Foul Ball, location: 2F
2-1: Foul Ball, location: 2F
2-2: Foul Ball, location: 2F
2-2: Ball
3-2: Foul Ball, location: 2F
3-2: Base on Balls
Batting: RHB Juan Báez 0-0: Fielders Choice at 2nd, 6-4 (Groundball, 6M)
Batting: RHB León Sánchez 0-0: Called Strike
0-1: Ball
1-1: Foul Ball, location: 2F
1-2: Strikes out looking
Batting: SHB Bill Peterson 0-0: Ball
1-0: Ball
2-0: Swinging Strike
2-1: Foul Ball, location: 2F
2-2: SINGLE (Groundball, 13) (infield hit)
Juan Báez to second
Batting: RHB César Villarreal 0-0: Fly out, F5 (Popup, 56S)
Top of the 9th over - 0 run(s), 1 hit(s), 0 error(s), 2 left on base; Myrtle Beach 1 - Delaware 4
This league is powered by Out of the Park Baseball, the baseball management simulation game for PC, Mac and Linux
Monday, October 3rd, 2016 - OOTP Baseball 16.9 Build 39